| TOP OF THE 1ST |
|
Hickory Crawdads batting - Pitching for Lake County Captains : RHP Rainer Von Croy
|
|
Pitching: RHP Rainer Von Croy
|
|
|
Batting: RHB Rick Concha
|
0-0: Fly out, F9 (Flyball, 9LS, EV 93.8 MPH)
|
|
Batting: RHB George King
|
0-0: Called Strike 0-1: Ball 1-1: Called Strike 1-2: Ball 2-2: Ball 3-2: Base on Balls
|
|
Batting: LHB William Hanley
|
0-0: Called Strike 0-1: Hit by Pitch George King to second
|
|
Batting: RHB Salvador Caldera
|
0-0: Ball 1-0: Ball George King steals 3rd base 2-0: Foul Ball, location: 2F 2-1: Foul Ball, location: 2F 2-2: Ball 3-2: Foul Ball, location: 2F 3-2: Base on Balls William Hanley to second
|
|
Batting: RHB Nate Calderin
|
0-0: SINGLE (Flyball, 89S, EV 91.9 MPH) George King scores William Hanley to third Salvador Caldera to second
|
|
Batting: RHB Yusuke Nakamura
|
0-0: SINGLE (Flyball, 8RS, EV 96.3 MPH) William Hanley scores Salvador Caldera to third Nate Calderin to second
|
|
Batting: LHB Casper Kersten
|
0-0: Ball 1-0: Swinging Strike 1-1: Ball 2-1: Fly out, F8 (Line Drive, 8LM, EV 103.8 MPH) Runner from 3rd tags up, SCORES, no throw by CF
|
|
Batting: RHB Gavin Fimple
|
0-0: Called Strike 0-1: Swinging Strike 0-2: Ball 1-2: Foul Ball, location: 2F 1-2: Strikes out swinging
|
| Top of the 1st over - 3 runs, 2 hits, 0 errors, 2 left on base; Hickory 3 - Lake County 0 |
| BOTTOM OF THE 1ST |
|
Lake County Captains batting - Pitching for Hickory Crawdads : RHP Jeff Kidd
|
|
Pitching: RHP Jeff Kidd
|
|
|
Batting: LHB Yasuo Igarashi
|
0-0: Foul Ball, location: 2F 0-1: Ground out 5-3 (Groundball, 56, EV 90.6 MPH)
|
|
Batting: LHB Tim Fuller
|
0-0: Foul Ball, location: 2F 0-1: Swinging Strike 0-2: Ball 1-2: Fly out, F6 (Flyball, 56D, EV 90.6 MPH)
|
|
Batting: RHB Mike Plugge
|
0-0: SOLO HOME RUN (Flyball, 7D, EV 101.3 MPH), Distance : 398 ft
|
|
Batting: SHB Charlie Diesel
|
0-0: Ball 1-0: Ball 2-0: Ball 3-0: Base on Balls
|
|
Batting: RHB Chris Folse
|
0-0: Called Strike 0-1: Foul Ball, location: 2F 0-2: Ball 1-2: Ball 2-2: Foul Ball, location: 2F 2-2: Ball 3-2: Foul Ball, location: 2F 3-2: Foul Ball, location: 2F 3-2: Base on Balls Charlie Diesel to second
|
|
Batting: LHB Danny Moreno
|
0-0: Foul Ball, location: 2F 0-1: Called Strike 0-2: Fly out, F9 (Line Drive, 9S, EV 99.4 MPH)
|
| Bottom of the 1st over - 1 run, 1 hit, 0 errors, 2 left on base; Hickory 3 - Lake County 1 |
| TOP OF THE 2ND |
|
Hickory Crawdads batting - Pitching for Lake County Captains : RHP Rainer Von Croy
|
|
Batting: RHB Adryão Anto
|
0-0: Called Strike 0-1: Ball 1-1: Swinging Strike 1-2: Strikes out looking
|
|
Batting: RHB Rick Concha
|
0-0: Ball 1-0: Foul Ball, location: 2F 1-1: Foul Ball, location: 2F 1-2: Ground out 5-3 (Groundball, 5L, EV 86.9 MPH)
|
|
Batting: RHB George King
|
0-0: Called Strike 0-1: SINGLE (Groundball, 6D, EV 106.9 MPH)
|
|
Batting: LHB William Hanley
|
0-0: Called Strike 0-1: Ball 1-1: Ball 2-1: Called Strike 2-2: Fly out, F4 (Flyball, 3D, EV 86.3 MPH)
|
| Top of the 2nd over - 0 runs, 1 hit, 0 errors, 1 left on base; Hickory 3 - Lake County 1 |
| BOTTOM OF THE 2ND |
|
Lake County Captains batting - Pitching for Hickory Crawdads : RHP Jeff Kidd
|
|
Batting: RHB Adrian Martinelli
|
0-0: Foul Ball, location: 2F 0-1: Swinging Strike 0-2: Foul Ball, location: 2F 0-2: Strikes out swinging
|
|
Batting: SHB Travis Burnett
|
0-0: Ball 1-0: Called Strike 1-1: Foul Ball, location: 2F 1-2: Strikes out swinging
|
|
Batting: RHB Danny Millsaps
|
0-0: Foul Ball, location: 2F 0-1: Ball 1-1: Foul Ball, location: 2F 1-2: Strikes out swinging
|
| Bottom of the 2nd over - 0 runs, 0 hits, 0 errors, 0 left on base; Hickory 3 - Lake County 1 |
| TOP OF THE 3RD |
|
Hickory Crawdads batting - Pitching for Lake County Captains : RHP Rainer Von Croy
|
|
Batting: RHB Salvador Caldera
|
0-0: Ball 1-0: Called Strike 1-1: Foul Ball, location: 2F 1-2: Fly out, F7 (Flyball, 78M, EV 76.3 MPH)
|
|
Batting: RHB Nate Calderin
|
0-0: Ball 1-0: Ball 2-0: Fly out, F8 (Flyball, 8LM, EV 88.8 MPH)
|
|
Batting: RHB Yusuke Nakamura
|
0-0: Ball 1-0: Swinging Strike 1-1: Swinging Strike 1-2: Ball 2-2: Foul Ball, location: 2F 2-2: Ball 3-2: Foul Ball, location: 2F 3-2: Strikes out swinging
|
| Top of the 3rd over - 0 runs, 0 hits, 0 errors, 0 left on base; Hickory 3 - Lake County 1 |
| BOTTOM OF THE 3RD |
|
Lake County Captains batting - Pitching for Hickory Crawdads : RHP Jeff Kidd
|
|
Batting: LHB Yasuo Igarashi
|
0-0: Ground out 4-3 (Groundball, 4M, EV 87.5 MPH)
|
|
Batting: LHB Tim Fuller
|
0-0: Swinging Strike 0-1: Swinging Strike 0-2: Strikes out swinging
|
|
Batting: RHB Mike Plugge
|
0-0: Called Strike 0-1: Ball 1-1: Ball 2-1: Ball 3-1: Called Strike 3-2: Strikes out swinging
|
| Bottom of the 3rd over - 0 runs, 0 hits, 0 errors, 0 left on base; Hickory 3 - Lake County 1 |
| TOP OF THE 4TH |
|
Hickory Crawdads batting - Pitching for Lake County Captains : RHP Rainer Von Croy
|
|
Batting: LHB Casper Kersten
|
0-0: Ball 1-0: Fly out, F8 (Line Drive, 8LM, EV 106.9 MPH)
|
|
Batting: RHB Gavin Fimple
|
0-0: Ball 1-0: Swinging Strike 1-1: Swinging Strike 1-2: Ball 2-2: Strikes out swinging
|
|
Batting: RHB Adryão Anto
|
0-0: Ball 1-0: DOUBLE (Flyball, 89XD, EV 100.6 MPH)
|
|
Batting: RHB Rick Concha
|
0-0: Called Strike 0-1: Ball 1-1: Swinging Strike 1-2: Strikes out swinging
|
| Top of the 4th over - 0 runs, 1 hit, 0 errors, 1 left on base; Hickory 3 - Lake County 1 |
| BOTTOM OF THE 4TH |
|
Lake County Captains batting - Pitching for Hickory Crawdads : RHP Jeff Kidd
|
|
Batting: SHB Charlie Diesel
|
0-0: Ball 1-0: Foul Ball, location: 2F 1-1: Ball 2-1: Ground out 5-3 (Groundball, 5, EV 76.3 MPH)
|
|
Batting: RHB Chris Folse
|
0-0: Called Strike 0-1: Ball 1-1: Ball 2-1: Foul Ball, location: 2F 2-2: Ball 3-2: DOUBLE (Line Drive, 78D, EV 104.4 MPH)
|
|
Batting: LHB Danny Moreno
|
0-0: Called Strike 0-1: Foul Ball, location: 2F 0-2: Strikes out swinging
|
|
Batting: RHB Adrian Martinelli
|
0-0: Called Strike 0-1: Ball 1-1: Swinging Strike 1-2: Ball 2-2: Foul Ball, location: 2F 2-2: Strikes out swinging, 2-3 out at first.
|
| Bottom of the 4th over - 0 runs, 1 hit, 0 errors, 1 left on base; Hickory 3 - Lake County 1 |
| TOP OF THE 5TH |
|
Hickory Crawdads batting - Pitching for Lake County Captains : RHP Rainer Von Croy
|
|
Batting: RHB George King
|
0-0: SINGLE (Flyball, 78S, EV 88.8 MPH)
|
|
Batting: LHB William Hanley
|
0-0: Called Strike 0-1: Foul Ball, location: 2F 0-2: Ball 1-2: Foul Ball, location: 2F 1-2: Ball 2-2: Ball George King steals 2nd base 3-2: Foul Ball, location: 2F 3-2: DOUBLE (Flyball, 8LXD, EV 100.6 MPH) George King scores
|
|
Pitching: RHP Ken Shear
|
|
|
Batting: RHB Salvador Caldera
|
0-0: Called Strike 0-1: Ball 1-1: Ball 2-1: Foul Ball, location: 2F 2-2: Strikes out swinging
|
|
Batting: RHB Nate Calderin
|
0-0: Ground out 5-3 (Groundball, 5L, EV 98.1 MPH)
|
|
Batting: RHB Yusuke Nakamura
|
0-0: Ball 1-0: Ball 2-0: Fly out, F3 (Popup, 34S, EV 70.0 MPH)
|
| Top of the 5th over - 1 run, 2 hits, 0 errors, 1 left on base; Hickory 4 - Lake County 1 |
| BOTTOM OF THE 5TH |
|
Lake County Captains batting - Pitching for Hickory Crawdads : RHP Jeff Kidd
|
|
Batting: SHB Travis Burnett
|
0-0: Ball 1-0: Called Strike 1-1: Fly out, F7 (Flyball, 7D, EV 94.4 MPH)
|
|
Batting: RHB Danny Millsaps
|
0-0: Swinging Strike 0-1: Swinging Strike 0-2: Strikes out swinging
|
|
Batting: LHB Yasuo Igarashi
|
0-0: Ball 1-0: Foul Ball, location: 2F 1-1: Ball 2-1: Called Strike 2-2: Ball 3-2: Strikes out looking
|
| Bottom of the 5th over - 0 runs, 0 hits, 0 errors, 0 left on base; Hickory 4 - Lake County 1 |
| TOP OF THE 6TH |
|
Hickory Crawdads batting - Pitching for Lake County Captains : RHP Ken Shear
|
|
Batting: LHB Casper Kersten
|
0-0: Foul Ball, location: 2F 0-1: Ball 1-1: Ground out 6-3 (Groundball, 4MS, EV 62.5 MPH)
|
|
Batting: RHB Gavin Fimple
|
0-0: Ball 1-0: Fly out, F8 (Flyball, 89D, EV 105.0 MPH)
|
|
Batting: RHB Adryão Anto
|
0-0: Ball 1-0: Ball 2-0: Called Strike 2-1: Ball 3-1: Base on Balls
|
|
Batting: RHB Rick Concha
|
0-0: Ball Adryão Anto steals 2nd base 1-0: Foul Ball, location: 2F 1-1: Foul Ball, location: 2F 1-2: Foul Ball, location: 2F 1-2: Ball 2-2: Foul Ball, location: 2F 2-2: Foul Ball, location: 2F 2-2: Hit by Pitch
|
|
Pitching: LHP Alcander Magos
|
|
|
Batting: RHB George King
|
0-0: Called Strike 0-1: Ball 1-1: Ball 2-1: Ball 3-1: SINGLE (Flyball, 9LS, EV 93.8 MPH) Adryão Anto to third Rick Concha to second Runner from 3rd tries for Home, SAFE, throw by RF to home
|
|
Batting: LHB William Hanley
|
0-0: Ground out 4-3 (Groundball, 34D, EV 82.5 MPH)
|
| Top of the 6th over - 1 run, 1 hit, 0 errors, 2 left on base; Hickory 5 - Lake County 1 |
| BOTTOM OF THE 6TH |
|
Lake County Captains batting - Pitching for Hickory Crawdads : RHP Jeff Kidd
|
|
Batting: LHB Tim Fuller
|
0-0: Called Strike 0-1: Ball 1-1: Fly out, F3 (Flyball, 3D, EV 91.3 MPH)
|
|
Batting: RHB Mike Plugge
|
0-0: Called Strike 0-1: Ball 1-1: Swinging Strike 1-2: Strikes out swinging
|
|
Batting: SHB Charlie Diesel
|
0-0: Swinging Strike 0-1: Ball 1-1: Ball 2-1: Ball 3-1: Base on Balls
|
|
Batting: RHB Chris Folse
|
0-0: Called Strike 0-1: Ball 1-1: Foul Ball, location: 2F 1-2: Ball 2-2: Foul Ball, location: 2F 2-2: Ground out 1-3 (Groundball, 15, EV 66.9 MPH)
|
| Bottom of the 6th over - 0 runs, 0 hits, 0 errors, 1 left on base; Hickory 5 - Lake County 1 |
| TOP OF THE 7TH |
|
Hickory Crawdads batting - Pitching for Lake County Captains : LHP Alcander Magos
|
|
Batting: RHB Salvador Caldera
|
0-0: Ball 1-0: Ball 2-0: Swinging Strike 2-1: Ball 3-1: Called Strike 3-2: Ground out 4-3 (Groundball, 4, EV 95.6 MPH)
|
|
Batting: RHB Nate Calderin
|
0-0: Called Strike 0-1: Ball 1-1: Swinging Strike 1-2: Ball 2-2: Ball 3-2: Foul Ball, location: 2F 3-2: SOLO HOME RUN (Line Drive, 7D, EV 110.6 MPH), Distance : 424 ft
|
|
Batting: RHB Yusuke Nakamura
|
0-0: Called Strike 0-1: Ball 1-1: Ball 2-1: Ball 3-1: Ground out 6-3 (Groundball, 6D, EV 80.6 MPH)
|
|
Batting: LHB Casper Kersten
|
0-0: Foul Ball, location: 2F 0-1: Ball 1-1: Foul Ball, location: 2F 1-2: Strikes out swinging
|
| Top of the 7th over - 1 run, 1 hit, 0 errors, 0 left on base; Hickory 6 - Lake County 1 |
| BOTTOM OF THE 7TH |
|
Lake County Captains batting - Pitching for Hickory Crawdads : RHP Jeff Kidd
|
|
Now at 1B: Kevin Whalen
|
|
|
Batting: LHB Danny Moreno
|
0-0: Ball 1-0: Foul Ball, location: 2F 1-1: Swinging Strike 1-2: Ball 2-2: Strikes out looking
|
|
Batting: RHB Adrian Martinelli
|
0-0: Ball 1-0: Ground out U3 (Groundball, 34, EV 87.5 MPH)
|
|
Batting: SHB Travis Burnett
|
0-0: Called Strike 0-1: Foul Ball, location: 2F 0-2: Ball 1-2: Ball 2-2: Foul Ball, location: 2F 2-2: Strikes out swinging
|
| Bottom of the 7th over - 0 runs, 0 hits, 0 errors, 0 left on base; Hickory 6 - Lake County 1 |
| TOP OF THE 8TH |
|
Hickory Crawdads batting - Pitching for Lake County Captains : LHP Alcander Magos
|
|
Batting: RHB Gavin Fimple
|
0-0: Ground out 3-1 (Groundball, 34, EV 88.8 MPH)
|
|
Batting: RHB Adryão Anto
|
0-0: Foul Ball, location: 2F 0-1: Called Strike 0-2: Ground out 5-3 (Groundball, 56S, EV 66.9 MPH)
|
|
Batting: RHB Rick Concha
|
0-0: Swinging Strike 0-1: Ball 1-1: SINGLE (Line Drive, 56D, EV 100.0 MPH)
|
|
Batting: RHB George King
|
0-0: Ball Passed Ball! Rick Concha to second 1-0: Called Strike 1-1: Hit by Pitch
|
|
Pitching: RHP Tatsuhito Shiota
|
|
|
Batting: LHB William Hanley
|
0-0: SINGLE (Line Drive, 4D, EV 99.4 MPH) Rick Concha to third George King to second Runner from 3rd tries for Home, SAFE, throw by CF to home
|
|
Batting: RHB Salvador Caldera
|
0-0: Ball 1-0: Fly out, F3 (Popup, 3SF, EV 85.6 MPH)
|
| Top of the 8th over - 1 run, 2 hits, 0 errors, 2 left on base; Hickory 7 - Lake County 1 |
| BOTTOM OF THE 8TH |
|
Lake County Captains batting - Pitching for Hickory Crawdads : RHP Jeff Kidd
|
|
Pitching: LHP Logan Benson
|
|
|
Now in LF: Mike Trujillo
|
|
|
Batting: RHB Danny Millsaps
|
0-0: Ball 1-0: Called Strike 1-1: Ball 2-1: Ball 3-1: Ground out 6-3 (Groundball, 6, EV 87.5 MPH)
|
|
Batting: LHB Yasuo Igarashi
|
0-0: Ball 1-0: Ball 2-0: Swinging Strike 2-1: Called Strike 2-2: Ball 3-2: Strikes out looking
|
|
Batting: LHB Tim Fuller
|
0-0: DOUBLE (Groundball, 3L, EV 110.0 MPH)
|
|
Batting: RHB Mike Plugge
|
0-0: Foul Ball, location: 2F 0-1: Ball 1-1: Ground out U3 (Groundball, 34S, EV 90.0 MPH)
|
| Bottom of the 8th over - 0 runs, 1 hit, 0 errors, 1 left on base; Hickory 7 - Lake County 1 |
| TOP OF THE 9TH |
|
Hickory Crawdads batting - Pitching for Lake County Captains : RHP Tatsuhito Shiota
|
|
Batting: LHB Kevin Whalen
|
0-0: Ball 1-0: Ground out 6-3 (Groundball, 6M, EV 82.5 MPH)
|
|
Batting: RHB Yusuke Nakamura
|
0-0: Called Strike 0-1: Ball 1-1: Called Strike 1-2: Ball 2-2: Foul Ball, location: 2F 2-2: Ball 3-2: Strikes out swinging
|
|
Batting: LHB Casper Kersten
|
0-0: Foul Ball, location: 2F 0-1: Foul Ball, location: 2F 0-2: Strikes out swinging
|
| Top of the 9th over - 0 runs, 0 hits, 0 errors, 0 left on base; Hickory 7 - Lake County 1 |
| BOTTOM OF THE 9TH |
|
Lake County Captains batting - Pitching for Hickory Crawdads : LHP Logan Benson
|
|
Batting: SHB Charlie Diesel
|
0-0: Called Strike 0-1: Ball 1-1: Fly out, F8 (Flyball, 8RS, EV 97.5 MPH)
|
|
Batting: RHB Chris Folse
|
0-0: Ball 1-0: Called Strike 1-1: Ball 2-1: Swinging Strike 2-2: Foul Ball, location: 2F 2-2: Ground out 3-1 (Groundball, 34S, EV 91.9 MPH)
|
|
Batting: LHB Danny Moreno
|
0-0: Ball 1-0: Ball 2-0: Ball 3-0: Called Strike 3-1: Foul Ball, location: 2F 3-2: Strikes out swinging
|
| Bottom of the 9th over - 0 runs, 0 hits, 0 errors, 0 left on base; Hickory 7 - Lake County 1 |
|